 Dungeon Crawl Stone Soup version 0.17-a0-1481-gfdcec5c (webtiles) character file.

85 zhaorenw the Grave Robber (level 4, 0/30 HPs)
             Began as a Mummy Necromancer on July 4, 2015.
             Killed by divine providence
             ... invoked by an orc priest
              (8 damage)
             ... on level 2 of the Dungeon.
             The game lasted 00:05:42 (2796 turns).

zhaorenw the Grave Robber (Mummy Necromancer)       Turns: 2796, Time: 00:05:42

Health: 0/30       AC:  5    Str: 11    XL:     4   Next: 25%
Magic:  3/8        EV: 12    Int: 15    God:
Gold:   132        SH:  0    Dex: 12    Spells: 2 memorised, 6 levels left

rFire  x . .     SeeInvis .     l - +0 short sword
rCold  + + .     Clarity  .     a - +0 robe
rNeg   + + +     SustAt   .     (no shield)
rPois  ∞         Gourm    .     d - +2 helmet
rElec  .         Spirit   .     (no cloak)
rCorr  .         Warding  .     (no gloves)
rMut   .         Stasis   .     (no boots)
MR     .....                    k - amulet of faith {Faith, !P}
Stlth  ++........               (no ring)
                                m - ring of protection from cold {rC+, !d}

@: not resistant to hostile enchantments, unstealthy
A: no food or potions, fire vulnerability, cold resistance 1, negative energy
resistance 3, torment resistance, unbreathing
a: no special abilities


You were on level 2 of the Dungeon.
You were not hungry.

You visited 1 branch of the dungeon, and saw 3 of its levels.

You collected 132 gold pieces.

Inventory:

Hand weapons
 l - a +0 short sword (weapon)
   (You took it off a hobgoblin on level 2 of the Dungeon)
Missiles
 e - 68 stones (quivered)
 i - a throwing net {=f, !d}
Armour
 a - a +0 robe (worn)
 d - a +2 helmet (worn)
   (You found it on level 2 of the Dungeon)
Jewellery
 k - an amulet of faith (around neck) {Faith, !P}
   (You found it on level 2 of the Dungeon)
 m - a ring of protection from cold (left hand) {rC+, !d}
   (You found it on level 3 of the Dungeon)
Scrolls
 c - 4 scrolls of remove curse {unknown}
 f - a scroll of amnesia {unknown}
 g - a scroll of enchant armour {unknown}
 h - 3 scrolls of identify {unknown}
 j - a scroll of blinking {unknown}
Books
 b - a book of Necromancy


   Skills:
 - Level 1.5 Dodging
 - Level 1.5 Stealth
 + Level 2.8 Spellcasting
 * Level 5.3 Necromancy


You had 6 spell levels left.
You knew the following spells:

 Your Spells              Type           Power        Failure   Level  Hunger
a - Pain                  Necr           ###.         1%          1    N/A
s - Animate Skeleton      Necr           N/A          1%          1    N/A

Dungeon Overview and Level Annotations

Branches:
Dungeon (3/15)

Altars:
Gozag


Innate Abilities, Weirdness & Mutations

You do not eat or drink.
Your flesh is vulnerable to fire.
You are immune to poison.
Your flesh is cold resistant.
You are immune to negative energy.
You are immune to unholy pain and torment.
You can survive without breathing.


Message History

The orc priest convulses in agony!
You now have 4/6 mp.
Aim: an orc priest, wielding a short sword and wearing a leather armour (heavily wounded, chance to defeat MR: 76%)
The orc priest convulses in agony!
You now have 3/6 mp.
Aim: an orc priest, wielding a short sword and wearing a leather armour (almost dead, chance to defeat MR: 76%)
You miscast Pain.
You are very lightly contaminated with residual magic.
Nothing appears to happen.
You now have 2/6 mp.
Aim: an orc priest, wielding a short sword and wearing a leather armour (almost dead, chance to defeat MR: 76%)
The orc priest barely resists.
The orc priest invokes the aid of Beogh against you.
You barely resist.
An orc priest comes into view.
You now have 1/6 mp.
Unknown command.
Aim: an orc priest, wielding a short sword and wearing a leather armour (almost dead, chance to defeat MR: 76%)
The orc priest barely resists.
The orc priest shouts!
You now have 0/6 mp.
The orc priest glows brightly for a moment.
Your orc skeleton crumbles into dust!
You see here a worm corpse.
Unknown command.
You see here a club.
The orc priest utters an invocation to Beogh.
You feel troubled.
Your magical contamination has completely faded away.
There is a stone staircase leading up here.
The orc barely misses you.
You climb upwards.
There is a stone staircase leading down here.
Aim: an orc, wearing a chain mail (chance to defeat MR: 87%)
The orc convulses in agony!
The orc closely misses you.
You now have 2/6 mp.
Aim: an orc, wearing a chain mail (moderately wounded, chance to defeat MR: 87%)
The orc convulses in agony!
The orc misses you.
You now have 1/6 mp.
Aim: an orc, wearing a chain mail (heavily wounded, chance to defeat MR: 87%)
The orc convulses in agony!
The orc barely misses you.
You now have 0/6 mp.
You don't have enough magic to cast that spell.
You hit the orc. The orc misses you.
You barely miss the orc. The orc closely misses you.
You hit the orc.
You kill the orc!
There is a stone staircase leading down here.
Things that are here:
a chain mail; an orc corpse You attempt to give life to the dead...
Before your eyes, flesh is ripped from the corpse!
The dead are walking!
There is a stone staircase leading down here.
You see here a chunk of flesh {@w0}.
You now have 0/7 mp.
You start resting.
MP restored: 7 You climb downwards.
Your mindless thrall stays behind.
There is a stone staircase leading up here.
Aim: an orc priest, wielding a short sword and wearing a leather armour (moderately wounded, chance to defeat MR: 76%)
The orc priest convulses in agony!
The orc priest hits you with a short sword.
You take 3 damage, and have 21/24 hp.
You now have 6/7 mp.
Aim: an orc priest, wielding a short sword and wearing a leather armour (severely wounded, chance to defeat MR: 76%)
The orc priest convulses in agony!
The orc priest hits you with a short sword.
The orc priest calls down the wrath of Beogh upon you.
Something smites you!
You take 13 damage, and have 8/24 hp.
MASSIVE DAMAGE!!
You now have 5/7 mp.
Aim: an orc priest, wielding a short sword and wearing a leather armour (severely wounded, chance to defeat MR: 76%)
The orc priest convulses in agony!
The orc priest hits you with a short sword.
* * * LOW HITPOINT WARNING * * *
You take 2 damage, and have 6/24 hp.
You now have 4/7 mp.
Unknown command.
Aim: an orc priest, wielding a short sword and wearing a leather armour (severely wounded, chance to defeat MR: 76%)
The orc priest convulses in agony!
The orc priest's eyes start to glow.
You now have 3/7 mp.
Aim: an orc priest, wielding a short sword and wearing a leather armour (almost dead, chance to defeat MR: 76%)
The orc priest convulses in agony!
You kill the orc priest!
You have reached level 4!
You now have 2/8 mp.
There is a stone staircase leading up here.
The orc priest barely misses you.
You climb upwards.
There is a stone staircase leading down here.
You see here a chunk of flesh {@w0}.
You swap places.
The orc priest hits your orc skeleton but does no damage.
Your orc skeleton hits the orc priest but does no damage.
The orc priest hits your orc skeleton.
Your orc skeleton hits the orc priest.
The orc priest invokes the aid of Beogh against you.
Something smites you!
You die...

##.# ### #..# #.# #..#
#########.# ####..#
########.......... #.....#
#................. ####..#
#.######.####.##.# #%.# #.#
###.##.......
####..#######.####...##.#.##.#
#........oZ..@...+...........#
#.##..####.##.##.#......#.#..#
#.##..# #....................
#.##..# ####.##.#...####.#..#
#.##..# #...#.###.# #.##..
#.##..######...#.###># #.....
#.##..............##.# #.....
#.##..##.....!....##.# ##.%..
#.##..##..........##.#######..


You could see an orc priest and a friendly orc skeleton.

Vanquished Creatures
  An orc priest (D:3)
  An adder (D:3)
  A worm (D:3)
  2 orcs
  6 bats
  2 giant cockroaches
  6 hobgoblins
  6 jackals (D:1)
  2 ball pythons
  A giant gecko (D:2)
  2 giant newts
  3 goblins
  3 kobolds
  7 rats
43 creatures vanquished.

Vanquished Creatures (collateral kills)
  An orc (D:3)
1 creature vanquished.

Grand Total: 44 creatures vanquished

Notes
Turn   | Place    | Note
--------------------------------------------------------------
     0 | D:1      | zhaorenw the Mummy Necromancer began the quest for the Orb.
     0 | D:1      | Reached XP level 1. HP: 13/13 MP: 3/3
   370 | D:1      | Reached XP level 2. HP: 19/19 MP: 1/5
   419 | D:1      | Learned a level 1 spell: Animate Skeleton
  1595 | D:2      | Reached XP level 3. HP: 24/24 MP: 4/6
  1947 | D:2      | Found an opulent altar of Gozag.
  2603 | D:3      | Reached skill level 5 in Necromancy
  2787 | D:3      | HP: 6/24 [orc priest/short sword (2)]
  2789 | D:3      | Reached XP level 4. HP: 7/30 MP: 2/8
  2796 | D:2      | Killed from afar by an orc priest

Vault maps used:
D:1:      dpeg_arrival_lava_temple_mockup, hangedman_glass_teeth
D:2:      nicolae_gozag_cash_rules_everything_around_me
D:3:      overflow_temple_1_default

Action                   |  1- 3 |  4- 6 || total
-------------------------+-------+-------++-------
Melee: Club              |     9 |       ||     9
       Short sword       |    10 |       ||    10
 Cast: Pain              |    89 |     1 ||    90
       Animate Skeleton  |    11 |       ||    11

Vault maps used:
D:1:      dpeg_arrival_lava_temple_mockup, hangedman_glass_teeth
D:2:      nicolae_gozag_cash_rules_everything_around_me
D:3:      overflow_temple_1_default

Table legend:
 A = Turns spent in this place as a percentage of turns spent in the entire game.
 B = Non-inter-level travel turns spent in this place as a percentage of non-inter-level travel turns spent in the entire game.
 C = Inter-level travel turns spent in this place as a percentage of turns spent in this place.
 D = Turns resting spent in this place as a percentage of non-inter-level travel turns spent in this place.
 E = Turns spent auto-exploring this place as a percentage of non-inter-level travel turns spent in this place.
 F = Non-inter-level travel turns spent in this place divided by the number of levels of this place that you've seen.
                   A       B       C       D       E      F
               +-------+-------+-------+-------+-------+----------------------
         Total | 100.0 | 100.0 |   0.2 |   7.9 |   5.2 | 288.3
       Dungeon | 100.0 | 100.0 |   0.2 |   7.9 |   5.2 | 288.3
               +-------+-------+-------+-------+-------+----------------------

Table legend:
 A = Kills in this place as a percentage of kills in entire the game.
 B = Kills by you in this place as a percentage of kills by you in the entire game.
 C = Kills by friends in this place as a percentage of kills by friends in the entire game.
 D = Other kills in this place as a percentage of other kills in the entire game.
 E = Experience gained in this place as a percentage of experience gained in the entire game.
 F = Experience gained in this place divided by the number of levels of this place that you have seen.
                   A       B       C       D       E      F
               +-------+-------+-------+-------+-------+----------------------
         Total | 100.0 | 100.0 | 100.0 |  -nan | 100.0 |  40.7
       Dungeon | 100.0 | 100.0 | 100.0 |  -nan | 100.0 |  40.7
               +-------+-------+-------+-------+-------+----------------------
